 Dungeon Crawl Stone Soup version 0.31-a0-182-gc5ef74bbde (webtiles) character file.

Game seed: 9829070866215695998

547 Jeffwins the Firebug (level 7, -2/44 HPs)
             Began as an Octopode Wanderer on June 21, 2023.
             Slain by a killer bee (5 damage)
             ... on level 5 of the Dungeon.
             The game lasted 00:09:17 (4206 turns).

Jeffwins the Firebug (Octopode Wanderer)            Turns: 4206, Time: 00:09:17

Health: -2/44      AC:  1    Str:  7    XL:     7   Next: 28%
Magic:  1/13       EV: 12    Int: 22    God:
Gold:   282        SH:  4    Dex: 10    Spells: 11/14 levels left

rFire   . . .        s - +1 demon blade (elec)
rCold   + . .        c - +0 buckler
rNeg    . . .        (helmet restricted)
rPois   .            g - amulet of regeneration
rElec   .            C - ring of protection from cold
rCorr   .            (no ring)
SInv    .            (no ring)
Will    .....        (no ring)
Stlth   +++          (no ring)
HPRegen 1.07/turn    (no ring)
MPRegen 0.13/turn    (no ring)
                     (no ring)

%: no passive effects
@: brilliant, lethally poisoned (-2 -> -4), very slightly contaminated
A: almost no armour, amphibious, 8 rings, camouflage 1, gelatinous body 1,
(nimble swimmer 1), tentacles
a: no special abilities


You were on level 5 of the Dungeon.
You visited 1 branch of the dungeon, and saw 5 of its levels.

You collected 282 gold pieces.


Innate Abilities, Weirdness & Mutations

You cannot wear most types of armour.
You are amphibious.
You can wear up to eight rings at the same time.
Your skin changes colour to match your surroundings (Stealth+).
Your rubbery body absorbs attacks. (AC +1, EV +1)
((You are camouflaged when in or above water. (Stealth+)))
You have tentacles for arms and can constrict up to eight enemies at once.


   Skills:
 + Level 1.9 Fighting
 + Level 1.9 Dodging
 + Level 3.2 Stealth
 + Level 3.0 Shields
 * Level 4.3 Spellcasting
 * Level 3.1 Conjurations
 - Level 2.0 Translocations
 * Level 4.4 Fire Magic


You had 11 spell levels left.
You knew the following spells:

 Your Spells              Type           Power      Damage    Failure   Level
x - Scorch                Fire           72%        2d8       4%          2
z - Foxfire               Conj/Fire      100%       2x1d9     3%          1

Your spell library contained the following spells:

 Spells                   Type           Power      Damage    Failure   Level
 Magic Dart               Conj           100%       1d8       4%          1
 Apportation              Tloc           40%        N/A       8%          1
 Gell's Gravitas          Tloc           20%        N/A       22%         3
 Call Imp                 Summ           14%        N/A       26%         2
 Cigotuvi's Dreadful Rot  Necr/Pois/Air  14%        N/A       26%         2
 Ignite Poison            Fire/Tmut/Pois 16%        N/A       28%         3
 Mephitic Cloud           Conj/Pois/Air  14%        N/A       34%         3
 Sticky Flame             Conj/Fire      32%        2d5       36%         4
 Dispel Undead            Necr           7%         3d8       86%         4
 Freezing Cloud           Conj/Ice/Air   7%         6-21      97%         5
 Death Channel            Necr           3%         N/A       100%        6

Inventory:

Hand Weapons
 a - a +0 dagger
 p - a +1 hand axe of flaming
 r - a +2 sling of freezing
 s - a +1 demon blade of electrocution (weapon)
Missiles
 e - 23 poisoned darts
Armour
 c - a +0 buckler (worn)
Jewellery
 g - an amulet of regeneration (around mantle)
 C - a ring of protection from cold (left tentacle)
Scrolls
 d - 4 scrolls of identify {unknown}
 f - a scroll of enchant armour {unknown}
 h - 4 scrolls of teleportation {unknown}
 j - a scroll of silence {unknown}
 k - 3 scrolls of fog {unknown}
 l - a scroll of immolation {unknown}
 m - a scroll of enchant weapon {unknown}
 n - a scroll of noise {unknown}
 o - 2 scrolls of blinking {unknown}
 v - a scroll of revelation {unknown}
Potions
 b - a potion of berserk rage {!q}
 i - a potion of cancellation {unknown}
 q - a potion of heal wounds {unknown}
 u - a potion of attraction {unknown}
 w - a potion of mutation {unknown}

Dungeon Overview and Level Annotations

Branches:
Dungeon (5/15)
 Temple: D:4-7

Altars:
Vehumet

#.. # ##..+ .##...▓ .....▓ ..
#...▓▓▓+▓▓+▓▓+▓▓▓..
#................ . #..†....#
#.... .# ..#####†@..# ##..# .
.......y.### #..# .#
........## ####..# ..##
......<.#####.....#
...###..............#..## #
#..##............####..###..#
##..............### ##......#
.###.<............##
##..###..#
..............)...## ##..## #


You could see a killer bee.


Message History

You hear the crackle of electricity.
s - a +1 demon blade of electrocution (weapon)
You feel sick. The killer bee stings you!
You closely miss the killer bee. Your grab misses the killer bee.
The killer bee is severely wounded.
You feel sick.
The killer bee stings you but does no damage.
The killer bee barely misses you.
Unknown command.
You barely miss the killer bee. Your grab misses the killer bee.
The killer bee is severely wounded.
You feel sick. The killer bee barely misses you. The killer bee stings you.
* * * LOW HITPOINT WARNING * * *
You block the killer bee's attack.
Unknown command.
You miss the killer bee. Your grab misses the killer bee.
Your squeeze misses the killer bee.
The killer bee is severely wounded.
You feel sick. The killer bee stings you!
* * * LOW HITPOINT WARNING * * *
The killer bee barely misses you. The killer bee stings you!
* * * LOW HITPOINT WARNING * * *
You are more poisoned.
The killer bee poisons you!
It was a potion of brilliance.
You feel clever all of a sudden.
* * * LOW HITPOINT WARNING * * *
You feel very sick. The killer bee stings you.
You die...

Skill      XL: |  1  2  3  4  5  6  7 |
---------------+----------------------+-----
Conjurations   | 1 2 3 |  3.1
Stealth        | 1 2 3 |  3.2
Fighting       | 1 |  1.9
Dodging        | 1 |  1.9
Fire Magic     | 4 |  4.4
Spellcasting   | 4 |  4.3
Shields        | 3 |  3.0
Translocations | |  2.0

Action                     |  1- 3 |  4- 6 |  7- 9 || total
---------------------------+-------+-------+-------++-------
  Melee: Dagger            |    76 |    30 |       ||   106
         Constrict         |    21 |     8 |       ||    29
         Tentacles         |    19 |     3 |       ||    22
         Demon blade       |       |     3 |     3 ||     6
   Fire: Sling             |       |    73 |     1 ||    74
   Cast: Foxfire           |    39 |    92 |    14 ||   145
         Scorch            |       |     7 |       ||     7
    Use: Potion            |       |       |     1 ||     1
   Stab: Sleeping          |     2 |     5 |       ||     7
 Armour: Skin              |     6 |     7 |     2 ||    15
  Dodge: Dodged            |    38 |    33 |     6 ||    77
  Block: Buckler           |    13 |    17 |     1 ||    31

Levels and vault maps discovered:
D:1:      dpeg_arrival_court, layout_loops_ring, ebering_ecumenical_altar_box,
          nrook_mini_vaults, wad_floor_pattern_1
D:2:      layout_loops_ring, corner_web_ring, kennysheep_generic_room_8,
          uniq_robin
D:3:      layout_loops_ring
D:4:      layout_loops_ring, vehumet_statue
D:5:      layout_layer_cave, mainiacjoe_overflow_24_doors,
          corexii_leaking_fountain, minmay_fire_ice_demons

Notes
Turn   | Place    | Note
-------+----------+-------------------------------------------
     0 | D:1      | Jeffwins the Octopode Wanderer began the quest for the Orb.
     0 | D:1      | Jeffwins set off with the following items: a +0 dagger, a
                  | potion of berserk rage {!q}, a +0 buckler; and the
                  | following spells available to memorise: Apportation,
                  | Scorch, Foxfire, Gell's Gravitas, Sticky Flame.
     0 | D:1      | Reached XP level 1. HP: 11/11 MP: 4/4
   140 | D:1      | Reached XP level 2. HP: 13/17 MP: 6/6
   297 | D:1      | Found a faded altar of an unknown god.
   309 | D:1      | Learned a level 2 spell: Scorch
   311 | D:1      | Learned a level 1 spell: Foxfire
   675 | D:1      | Reached XP level 3. HP: 22/22 MP: 4/7
  1056 | D:2      | Reached skill level 1 in Conjurations
  1136 | D:2      | Reached skill level 1 in Stealth
  1648 | D:2      | Noticed Robin
  1696 | D:2      | Killed Robin
  1702 | D:2      | Reached XP level 4. HP: 5/27 MP: 6/9
  2505 | D:3      | Reached skill level 1 in Fighting
  2777 | D:3      | Reached skill level 1 in Dodging
  2777 | D:3      | Reached XP level 5. HP: 33/33 MP: 2/10
  2943 | D:4      | Reached skill level 2 in Stealth
  2959 | D:4      | Reached skill level 2 in Conjurations
  3393 | D:4      | Reached XP level 6. HP: 16/38 MP: 6/11
  3476 | D:4      | Found a radiant altar of Vehumet.
  3529 | D:4      | Reached skill level 4 in Fire Magic
  3548 | D:4      | Reached skill level 4 in Spellcasting
  4055 | D:5      | Entered Level 5 of the Dungeon
  4152 | D:5      | Reached skill level 3 in Stealth
  4152 | D:5      | Reached XP level 7. HP: 44/44 MP: 10/13
  4156 | D:5      | Reached skill level 3 in Conjurations
  4171 | D:5      | Reached skill level 3 in Shields
  4205 | D:5      | HP: 4/44 [killer bee (7)]
  4206 | D:5      | Slain by a killer bee

Vanquished Creatures
  A centaur (D:4)
  A scorpion (D:5)
  3 killer bees (D:5)
  A jelly (D:4)
  An orc priest (D:4)
  An iguana (D:4)
  A statue (D:4)
  Robin (D:2)
  2 adders (D:4)
  3 gnolls (D:3)
  3 worms
  3 dart slugs (D:2)
  8 orcs
  5 endoplasms
  4 giant cockroaches
  14 goblins
  9 hobgoblins
  5 jackals
  3 kobolds
  3 quokkas
  5 ball pythons
  11 bats
  A frilled lizard (D:2)
  5 rats
94 creatures vanquished.

Vanquished Creatures (others)
  238 foxfires
238 creatures vanquished.

Grand Total: 332 creatures vanquished

Table legend: (Time is in decaauts)
 A = Elapsed time spent in this place.
 B = Non-inter-level travel time spent in this place.
 C = Inter-level travel time spent in this place.
 D = Time resting spent in this place.
 E = Time spent auto-exploring this place.
 F = Levels seen in this place.
 G = Mean time per level.
                   A        B        C        D        E       F      G
               +--------+--------+--------+--------+--------+-----+--------+
         Total |   4247 |   4130 |    117 |     37 |   3325 |   5 |  849.4 |
       Dungeon |   4247 |   4130 |    117 |     37 |   3325 |   5 |  849.4 |
               +--------+--------+--------+--------+--------+-----+--------+

Top non-repeatable levels by time:
     D:4: 1192 daAuts
     D:1: 1057 daAuts
     D:3: 1039 daAuts
     D:2: 807 daAuts
     D:5: 152 daAuts

Table legend:
 A = Non-vault XP
 B = Vault XP
 C = Vault XP percentage of total XP
 D = Non-vault monster count
 E = Vault monster count
 F = Vault count percentage of total count
                 A         B        C        D         E       F
            +---------+---------+-------+---------+---------+-------
      Total |     722 |      60 |   7.7 |      85 |       9 |   9.6
            +---------+---------+-------+---------+---------+-------
        D:1 |      38 |       0 |   0.0 |      23 |       0 |   0.0
        D:2 |      26 |      28 |  51.9 |      11 |       8 |  42.1
        D:3 |      92 |       0 |   0.0 |      25 |       0 |   0.0
        D:4 |     294 |      32 |   9.8 |      22 |       1 |   4.3
        D:5 |     272 |       0 |   0.0 |       4 |       0 |   0.0
            +---------+---------+-------+---------+---------+-------
